 Dungeon Crawl Stone Soup version 0.31-a0-1074-g0b22e4e0f1 (webtiles) character file.

Game seed: 6369760079997206136

791 lunkers the Martial Artist (level 8, -1/59 HPs)
             Began as a Meteoran Shapeshifter on Nov 30, 2023.
             Was an Initiate of Ru.
             Slain by an ogre
             ... wielding a +0 giant club
              (27 damage)
             ... on level 5 of the Dungeon.
             The game lasted 00:03:57 (2058 turns).

lunkers the Martial Artist (Meteoran Shapeshifter)  Turns: 2058, Time: 00:03:58

Health: -1/59      AC:  6    Str: 15    XL:     8   Next: 34%
Magic:  9/9        EV: 10    Int: 12    God:    Ru [......]
Gold:   213        SH:  0    Dex: 16    Spells: 7/7 levels left

rFire   . .          .
                       - Unarmed
rCold   + . .        (no shield)
rNeg    . . .        h - +0 scale mail
rPois   .            (helmet currently unavailable)
rElec   .            (cloak currently unavailable)
rCorr   .            (gloves currently unavailable)
SInv    .            (boots currently unavailable)
Will    ++...        n - amulet of magic regeneration Stlth
                     s - ring of protection from cold
HPRegen 0.29/turn    q - ring of willpower
MPRegen 0.51/turn

%: no passive effects
@: beast-form, glowing
A: beast (slay +3), sense surroundings 1, otherworldly, glowing, explore regen
a: Begin Untransformation, Renounce Religion, Sacrifice Artifice, Sacrifice
Resistance, Sacrifice a Hand, Reject Sacrifices


You were on level 5 of the Dungeon.
You worshipped Ru.
Ru was noncommittal.
You were a hulking beast.
You visited 1 branch of the dungeon, and saw 5 of its levels.

You collected 213 gold pieces.

Inventory:

Missiles
 j - 2 throwing nets
Armour
 a - a +0 animal skin
 h - a +0 scale mail (worn)
 r - a +0 helmet
Jewellery
 n - an amulet of magic regeneration (around neck)
 p - a ring of magical power
 q - a ring of willpower (right hand)
 s - a ring of protection from cold (left hand)
Talismans
 c - a beast talisman
 d - a flux talisman
Wands
 l - a wand of flame (24)
Scrolls
 e - 4 scrolls of teleportation {unknown}
 i - 5 scrolls of identify {unknown}
 m - a scroll of vulnerability {unknown}
Potions
 b - 2 potions of lignification
 f - a potion of berserk rage {unknown}
 g - 2 potions of curing {unknown}
 k - a potion of might {unknown}
 o - a potion of ambrosia {unknown}


   Skills:
 - Level 1.1 Fighting
 - Level 2.1 Dodging
 * Level 9.1 Unarmed Combat
 + Level 6.5 Shapeshifting


You had 7 spell levels left.
You didn't know any spells.
Your spell library contained the following spells:

 Spells                   Type           Power      Damage    Failure   Level
 Static Discharge         Conj/Air       0%         3-3/arc   91%         2
 Sublimation of Blood     Necr           0%         N/A       91%         2
 Wereblood                Tmut           0%         N/A       91%         2
 Gell's Gravitas          Tloc           0%         N/A       99%         3
 Teleport Other           Tloc           0%         N/A       99%         3
 Airstrike                Air            0%         2d(0-16)  100%        4
 Summon Lightning Spire   Summ/Air       0%         N/A       100%        4
 Dispersal                Tloc           0%         N/A       100%        6
 Summon Hydra             Summ           0%         N/A       100%        7


Dungeon Overview and Level Annotations

Branches:
Dungeon (5/15) Zot: 966
 Temple: D:4-7

Altars:
Ru


Innate Abilities, Weirdness & Mutations

You are a hulking beast.
Your limbs bulge with bestial killing power. (Slay +3)
You passively map a small area around you.
You are easily found by Zot.
You glow in the dark.
You regain HP and MP as you explore.


Message History

The hound is heavily wounded.
The hound bites you.
A sleepcap comes into view.
The hound bites you but does no damage. The hound bites you.
The ogre hits you with a +0 giant club!!
* * * LOW HITPOINT WARNING * * *
A white imp comes into view.
The hound misses you.
The white imp shouts, "Begone, thou dankish dismal-dreaming clotpole!"
You see here 9 gold pieces.
The hound closely misses you. The hound attacks as it pursues you!
The hound barely misses you. The ogre attacks as it pursues you!
The ogre closely misses you. The hound bites you but does no damage.
You punch the hound!
You kill the hound!
Your Unarmed Combat skill increases to level 9!
You punch the jackal!
You kill the jackal!
You hit the adder.
The adder is heavily wounded.
The adder barely misses you.
You barely miss the adder.
The adder is heavily wounded.
The adder closely misses you.
You barely miss the adder.
The adder is heavily wounded.
The adder bites you but does no damage.
You punch the adder!
You kill the adder!
You punch the ogre!
The ogre is moderately wounded.
The ogre closely misses you.
You punch the ogre!
The ogre is severely wounded.
You hit the ogre.
The ogre is severely wounded.
The ogre hits you with a +0 giant club!!
You die...

, #.#..... , #.#....#. ,
#.#.#...#.* * #.#...#..#
* , ####......... ,
##### #...........
......#####.......#.###*
,.......hOo5f.$.........
......#####...........?
,
......#####........#..#
,...............#.#...#
, **## ...,
#........#....#.., , ..
## #........#......# ,
#.* ###........#..#....
, * #.*
##.....)....#.....#. . *
#. #..##.......#...#..


You could see an ogre, a sleepcap, a white imp and an orc.

Vanquished Creatures
  A sky beast (D:4)
  A black bear (D:4)
  2 ogres (D:5)
  A scorpion (D:4)
  4 hounds (D:5)
  Ijyb (D:3)
  3 orc wizards
  4 gnolls (D:5)
  6 adders
  3 worms
  A dart slug (D:2)
  13 orcs
  6 endoplasms
  A giant cockroach (D:1)
  3 goblins
  2 hobgoblins
  3 jackals
  A quokka (D:1)
  3 ball pythons
  4 bats
  2 frilled lizards
  2 kobolds (D:4)
  3 rats
70 creatures vanquished.

Notes
Turn   | Place    | Note
-------+----------+-------------------------------------------
     0 | D:1      | lunkers the Meteoran Shapeshifter began the quest for the
                  | Orb.
     0 | D:1      | Reached XP level 1. HP: 16/16 MP: 2/2
    32 | D:1      | Reached XP level 2. HP: 23/23 MP: 3/3
    43 | D:1      | Reached skill level 4 in Unarmed Combat
   224 | D:1      | You fall into a shaft and drop 1 floor!
   343 | D:1      | Reached XP level 3. HP: 21/28 MP: 4/4
   650 | D:3      | Noticed Ijyb
   658 | D:3      | Killed Ijyb
   659 | D:3      | Reached skill level 5 in Unarmed Combat
   659 | D:3      | Reached XP level 4. HP: 29/35 MP: 5/5
   959 | D:4      | Found a sacrificial altar of Ru.
   981 | D:4      | Reached XP level 5. HP: 28/40 MP: 6/6
   987 | D:4      | Became a worshipper of Ru the Awakened
  1329 | D:4      | Noticed a sky beast
  1336 | D:4      | Killed a sky beast
  1337 | D:4      | Reached skill level 6 in Unarmed Combat
  1337 | D:4      | Reached skill level 5 in Shapeshifting
  1337 | D:4      | Reached XP level 6. HP: 38/47 MP: 7/7
  1443 | D:4      | Noticed a black bear
  1449 | D:4      | Killed a black bear
  1450 | D:4      | Reached skill level 7 in Unarmed Combat
  1450 | D:4      | Reached XP level 7. HP: 43/52 MP: 8/8
  1863 | D:5      | Entered Level 5 of the Dungeon
  1931 | D:5      | Reached skill level 8 in Unarmed Combat
  1996 | D:5      | Reached XP level 8. HP: 47/59 MP: 9/9
  2051 | D:5      | Reached skill level 9 in Unarmed Combat
  2058 | D:5      | Slain by an ogre

Illustrated notes

Levels and vault maps discovered:
D:1:      lightli_iron_boxes, layout_rooms
D:2:      layout_loops_corners, serial_bayou_pond_c, columned_hall_lemuel,
          uniq_robin
D:3:      layout_basic, uniq_ijyb
D:4:      layout_loops_corners, nicolae_ru_awakened_eye
D:5:      layout_rooms, minmay_temple_entry_tees, corexii_leaking_fountain,
          minmay_misc_feat_alley, minmay_increasing_density

Skill      XL: |  1  2  3  4  5  6  7  8 |
---------------+-------------------------+-----
Unarmed Combat | 4 5 6 7 8 9 |  9.1
Shapeshifting  | 4 5 6 |  6.5
Fighting       | |  1.1
Dodging        | |  2.1

Action                     |  1- 3 |  4- 6 |  7- 9 || total
---------------------------+-------+-------+-------++-------
  Melee: Unarmed           |    60 |    65 |    82 ||   207
         Punch             |       |       |     7 ||     7
 Armour: Scale mail        |    33 |    53 |    47 ||   133
         Animal skin       |     7 |       |       ||     7
  Dodge: Dodged            |    33 |    29 |    27 ||    89

Table legend: (Time is in decaauts)
 A = Elapsed time spent in this place.
 B = Non-inter-level travel time spent in this place.
 C = Inter-level travel time spent in this place.
 D = Time resting spent in this place.
 E = Time spent auto-exploring this place.
 F = Levels seen in this place.
 G = Mean time per level.
                   A        B        C        D        E       F      G
               +--------+--------+--------+--------+--------+-----+--------+
         Total |   2032 |   2032 |      0 |      0 |   1388 |   5 |  406.4 |
       Dungeon |   2032 |   2032 |      0 |      0 |   1388 |   5 |  406.4 |
               +--------+--------+--------+--------+--------+-----+--------+

Top non-repeatable levels by time:
     D:4: 899 daAuts
     D:1: 323 daAuts
     D:2: 317 daAuts
     D:3: 308 daAuts
     D:5: 183 daAuts
